 Dungeon Crawl Stone Soup version 0.23.0 (webtiles) character file.

Game seed: 11832424251543066888

10882 theswoord the Carver (level 11, 0/225 HPs)
             Began as a Naga Berserker on Feb 13, 2019.
             Was a High Priest of Trog.
             Slain by a yak (10 damage)
             ... on level 1 of the Lair of Beasts.
             The game lasted 00:28:23 (14021 turns).

theswoord the Carver (Naga Berserker)              Turns: 14021, Time: 00:28:24

Health: 0/225      AC: 25    Str: 21 (24) XL:     11   Next: 69%
Magic:  11/11      EV:  1    Int:  8 (9)  God:    Trog [*****.]
Gold:   546        SH:  0    Dex: 11 (13) Spells: 10/10 levels left

rFire    . . .     SeeInvis +   a - +1 falchion
rCold    . . .     Gourm    .   (no shield)
rNeg     + + +     Faith    .   (armour currently unavailable)
rPois    +         Spirit   .   (helmet currently unavailable)
rElec    .         Reflect  .   (cloak currently unavailable)
rCorr    .         Harm     .   (gloves currently unavailable)
MR       +....     NoTele   +   (no barding)
Stlth    ..........             (no amulet)
HPRegen  0.47/turn              (no ring)
MPRegen  0.12/turn              (no ring)

@: berserking, tree-form (expiring), very slightly contaminated, very quick
A: large, see invisible, mutation resistance 1, slow metabolism 1, spit poison
1, MP-powered wands, AC +3
a: Spit Poison, Berserk, Trog's Hand, Brothers in Arms, Renounce Religion


You were on level 1 of the Lair of Beasts.
You worshipped Trog.
Trog was extremely pleased with you.
You were not hungry.
You were a tree.
You visited 2 branches of the dungeon, and saw 11 of its levels.

You collected 546 gold pieces.

Inventory:

Hand Weapons
 a - a +1 falchion (weapon)
 z - a +2 whip of freezing
Armour
 b - a +0 animal skin
 k - a +0 ring mail
 m - a +1 chain mail (melded)
 w - a +0 helmet (melded)
Jewellery
 i - an uncursed amulet of rage {unknown}
 t - an uncursed ring of protection from fire {unknown}
Wands
 u - a wand of iceblast (8)
Scrolls
 h - a scroll of noise {unknown}
 l - a scroll of teleportation
 n - a scroll of fog
 o - 2 scrolls of enchant weapon
 q - 6 scrolls of remove curse
 r - a scroll of magic mapping
 y - a scroll of identify
Potions
 d - 2 potions of magic
 f - 6 potions of curing
 g - 2 potions of mutation
 j - a potion of brilliance
 p - a potion of lignification
Comestibles
 c - 22 rations
 s - 2 chunks of flesh


   Skills:
 + Level 7.1 Fighting
 - Level 14.1 Long Blades
 + Level 5.5 Armour
 + Level 5.5 Dodging


You had 10 spell levels left.
You didn't know any spells.
Your spell library was empty.

Dungeon Overview and Level Annotations

Branches:
Dungeon (10/15)            Temple (0/1) D:5            Lair (1/6) D:10
    Orc: D:9-12

Altars:
Vehumet

Shops:
D:4 *   D:8 }


Innate Abilities, Weirdness & Mutations

You cannot wear boots.
((Your serpentine skin is tough. (AC +3)))
You have supernaturally acute eyesight. (SInv)
((Armour fits poorly on your strangely shaped body.))
((Your system is resistant to poisons. (rPois)))
((You cover ground very slowly.))
You have a slow metabolism.
You can spit poison.
((You are partially covered in slimy green scales. (AC +2)))
You are somewhat resistant to further mutation.
You expend magic power (3 MP) to strengthen your wands.


Message History

* * * LOW HITPOINT WARNING * * *
You hit the yak. The yak gores you.
* * * LOW HITPOINT WARNING * * *
It was a potion of degeneration.
There was something very wrong with that liquid.
You feel weakened.
You feel dopey.
You feel clumsy.
Your transformation is almost over.
The yak gores you but does no damage.
The yak snorts and paws the ground.
The yak gores you!
* * * LOW HITPOINT WARNING * * *
The yak gores you.
* * * LOW HITPOINT WARNING * * *
A red film seems to cover your vision as you go berserk!
You feel yourself moving faster!
You feel mighty!
The yak gores you but does no damage. x3
You hit the yak. The yak gores you.
* * * LOW HITPOINT WARNING * * *
The yak gores you!
You die...

...####..........####.#
...#.....#........# #
...#.....#.......## .#
...#.....#.......# Y.#
...#.....#.......##...#
...#.....#....÷...'...#
)..#.....#......Y##...#
#...........YY# ..#
##..###.....Y♣# .#
..............#
.................
.................
##.#####.###.#### ## ##


You could see 4 yaks.

Vanquished Creatures
  A two-headed ogre (D:9)
  Urug (D:10)
  Pikel (D:8)
  A slime creature (D:8)
  A gargoyle (D:10)
  A rime drake (Lair:1)
  A komodo dragon (D:10)
  Sigmund (D:3)
  11 yaks
  A human (D:7)
  4 hogs (D:7)
  A water moccasin (Lair:1)
  2 porcupines (Lair:1)
  5 orc warriors
  A black bear (D:10)
  5 ice beasts
  A sky beast (D:10)
  A necrophage (D:6)
  5 ogres
  6 centaurs
  2 crocodiles
  3 big kobolds
  8 bullfrogs
  A gnoll sergeant (D:8)
  A wyvern skeleton (D:9)
  2 scorpions
  A water moccasin skeleton (D:8)
  3 howler monkeys
  3 wights (D:8)
  9 crimson imps
  6 hounds
  A quasit (D:10)
  8 jellies
  3 orc priests
  A bullfrog skeleton (D:4)
  14 orc wizards
  4 iguanas
  2 worker ants (D:10)
  Terence (D:3)
  A howler monkey zombie (D:5)
  A worker ant zombie (D:10)
  12 gnolls
  14 adders
  3 shadow imps
  6 oozes
  An adder zombie (D:6)
  An adder skeleton (D:5)
  3 worms
  3 dart slugs
  A leopard gecko (D:2)
  40 orcs
  6 bats
  6 giant cockroaches
  7 goblins
  8 hobgoblins
  8 jackals
  11 kobolds
  8 quokkas
  5 ball pythons
  5 frilled lizards
  2 giant cockroach zombies
  A quokka skeleton (D:8)
  6 rats
283 creatures vanquished.

Vanquished Creatures (others)
  A hungry ghost (D:8)
  5 fungi
  10 plants
  9 toadstools (D:8)
25 creatures vanquished.

Grand Total: 308 creatures vanquished

Notes
Turn   | Place    | Note
-------+----------+-------------------------------------------
     0 | D:1      | theswoord the Naga Berserker began the quest for the Orb.
     0 | D:1      | Reached XP level 1. HP: 21/21 MP: 1/1
   526 | D:1      | Reached XP level 2. HP: 21/28 MP: 2/2
  1043 | D:2      | Reached skill level 4 in Long Blades
  1048 | D:2      | Reached XP level 3. HP: 16/34 MP: 3/3
  1267 | D:2      | Noticed an ogre
  1830 | D:2      | Reached XP level 4. HP: 17/42 MP: 4/4
  2099 | D:2      | Gained mutation: Your mind is acute. (Int +2) [potion of
                  | mutation]
  2099 | D:2      | Gained mutation: Your muscles are strong. (Str +2) [potion
                  | of mutation]
  2323 | D:2      | Reached skill level 5 in Long Blades
  2584 | D:2      | Killed an ogre
  2584 | D:2      | Reached ** piety under Trog
  2584 | D:2      | Reached XP level 5. HP: 49/49 MP: 5/5
  2763 | D:2      | Reached skill level 6 in Long Blades
  3083 | D:3      | Noticed Terence
  3098 | D:3      | Killed Terence
  3465 | D:3      | Noticed Sigmund
  3481 | D:3      | Killed Sigmund
  3481 | D:3      | Reached skill level 7 in Long Blades
  3481 | D:3      | Reached XP level 6. HP: 46/56 MP: 6/6
  3803 | D:4      | Found Buicraec's General Store.
  3859 | D:4      | Reached XP level 7. HP: 17/62 MP: 7/7
  4344 | D:4      | Reached skill level 8 in Long Blades
  4437 | D:4      | Reached *** piety under Trog
  4731 | D:5      | Entered Level 5 of the Dungeon
  4820 | D:5      | Found a staircase to the Ecumenical Temple.
  4920 | D:5      | Reached skill level 9 in Long Blades
  5196 | D:5      | Reached XP level 8. HP: 39/69 MP: 8/8
  5958 | D:6      | Reached skill level 10 in Long Blades
  6279 | D:6      | Lost mutation: Your mind is acute. (Int +2) [potion of
                  | mutation]
  6279 | D:6      | Lost mutation: Your muscles are strong. (Str +2) [potion of
                  | mutation]
  6279 | D:6      | Gained mutation: You are partially covered in slimy green
                  | scales. (AC +2) [potion of mutation]
  6279 | D:6      | Gained mutation: You expend magic power (3 MP) to
                  | strengthen your wands. [potion of mutation]
  6279 | D:6      | Gained mutation: You are somewhat resistant to further
                  | mutation. [potion of mutation]
  6356 | D:6      | Found a radiant altar of Vehumet.
  6664 | D:7      | Reached **** piety under Trog
  6664 | D:7      | Reached skill level 11 in Long Blades
  7021 | D:7      | Reached XP level 9. HP: 63/73 MP: 9/9
  7233 | D:7      | Reached skill level 12 in Long Blades
  7939 | D:7      | Reached skill level 13 in Long Blades
  8670 | D:8      | Reached XP level 10. HP: 29/82 MP: 10/10
  8991 | D:8      | Found Jepecwea's Gadget Emporium.
  9074 | D:8      | Noticed Pikel
  9088 | D:8      | Killed Pikel
  9088 | D:8      | Reached skill level 14 in Long Blades
  9824 | D:8      | HP: 3/83 [acid (5)]
 10886 | D:9      | Reached skill level 5 in Fighting
 10900 | D:9      | Reached ***** piety under Trog
 11277 | D:9      | Noticed a two-headed ogre
 11285 | D:9      | Killed a two-headed ogre
 11285 | D:9      | Reached XP level 11. HP: 71/96 MP: 1/11
 11577 | D:10     | Entered Level 10 of the Dungeon
 12411 | D:10     | Found a staircase to the Lair.
 12537 | D:10     | Noticed Urug
 12859 | D:10     | Killed Urug
 12859 | D:10     | Reached skill level 5 in Armour
 13200 | Lair:1   | Entered Level 1 of the Lair of Beasts
 13320 | Lair:1   | Reached skill level 5 in Dodging
 14019 | Lair:1   | HP: 7/150 [yak (1)]
 14021 | Lair:1   | Slain by a yak

Skill      XL: |  1  2  3  4  5  6  7  8  9 10 11 |
---------------+----------------------------------+-----
Long Blades    | 4 5 7 9 11 13 14 | 14.1
Armour         | 4 5 |  5.5
Dodging        | 4 5 |  5.5
Fighting       | 5 7 |  7.1

Action                   |  1- 3 |  4- 6 |  7- 9 | 10-12 || total
-------------------------+-------+-------+-------+-------++-------
Melee: Falchion          |    72 |   133 |   544 |   763 ||  1512
Invok: Berserk           |     1 |     4 |     7 |    11 ||    23
       Trog's Hand       |       |       |       |     4 ||     4
 Abil: Spit Poison       |     2 |     2 |    10 |     6 ||    20
Evoke: Wand              |       |       |       |     3 ||     3
  Use: Scroll            |     2 |     9 |     5 |     6 ||    22
       Potion            |       |     1 |     4 |    18 ||    23
 Stab: Sleeping          |     1 |       |       |       ||     1
       Invisible         |       |       |       |     1 ||     1
  Eat: Chunk             |     2 |     6 |    21 |    17 ||    46
       Ration            |       |     1 |       |     3 ||     4
Armor: Animal skin       |     7 |       |       |       ||     7
       Ring mail         |     5 |    14 |       |       ||    19
       Chain mail        |       |    56 |   230 |   271 ||   557
       Skin              |       |       |       |    39 ||    39
Dodge: Dodged            |    45 |    45 |   129 |   185 ||   404
       Rpst.: Falchion   |    17 |    13 |    41 |    55 ||   126

Levels and vault maps discovered:
D:1:      matt_arrival_refuge, layout_basic, hangedman_feature_mirror
D:2:      layout_basic
D:3:      layout_basic, uniq_terence, uniq_sigmund
D:4:      layout_cave_pools, first_ration, serial_shops, shop_fountains
D:5:      layout_basic, minmay_temple_entry_grid, kennysheep_generic_room_15
D:6:      layout_basic, lemuel_round_altar, minmay_misc_feat_ornament
D:7:      layout_loops_ring, grunt_livestock
D:8:      cheibrodos_fertilizer, layout_gridville, serial_shops,
          kennysheep_little_box, uniq_pikel
D:9:      layout_gridville, wad_floor_pattern_untrapped
D:10:     layout_roguey, david_lair_shrubbed, uniq_urug
Lair:1:   layout_regular_city, grunt_megastairs_4, serial_bayou_shore_b,
          serial_bayou_shore_b, serial_bayou_shore_b
